 Dungeon Crawl Stone Soup version 0.31-a0-237-g2d982f9f85 (webtiles) character file.

Game seed: 8503760897441459939

51 qw the Shooter (level 3, -11/29 HPs)
             Began as a Minotaur Hexslinger on July 10, 2023.
             Mangled by a gnoll
             ... wielding a +0 halberd
              (14 damage)
             ... on level 2 of the Dungeon.
             The game lasted 00:00:22 (1318 turns).

qw the Shooter (Minotaur Hexslinger)                Turns: 1318, Time: 00:00:23

Health: -11/29     AC:  3    Str: 12    XL:     3   Next: 58%
Magic:  3/3        EV: 12    Int: 10    God:
Gold:   122        SH:  0    Dex: 14    Spells: 3/4 levels left

rFire   . . .        Y - +1 sling
rCold   . . .        (no shield)
rNeg    . . .        g - +0 leather armour
rPois   .            (helmet restricted)
rElec   .            (no cloak)
rCorr   .            (no gloves)
SInv    .            (no boots)
Will    .....        (no amulet)
Stlth   +            (no ring)
HPRegen 0.24/turn    (no ring)
MPRegen 0.08/turn

%: no passive effects
@: no status effects
A: horns 2, retaliatory headbutt
a: no special abilities


You were on level 2 of the Dungeon.
You visited 1 branch of the dungeon, and saw 2 of its levels.

You collected 122 gold pieces.


Innate Abilities, Weirdness & Mutations

You have a pair of horns on your head.
You reflexively headbutt those who attack you in melee.


   Skills:
 - Level 2.0 Fighting
 + Level 4.1 Ranged Weapons
 - Level 2.1 Dodging
 - Level 1.0 Spellcasting
 - Level 2.0 Hexes


You had 3 spell levels left.
You knew the following spells:

 Your Spells              Type           Power      Damage    Failure   Level
a - Slow                  Hex            16%        N/A       19%         1

Your spell library contained the following spells:

 Spells                   Type           Power      Damage    Failure   Level
 Inner Flame              Hex/Fire       2%         N/A       65%         3
 Portal Projectile        Hex/Tloc       4%         N/A       65%         3
 Cause Fear               Hex            2%         N/A       88%         4

Inventory:

Hand Weapons
 Y - a +1 sling (weapon)
Armour
 a - a +0 pair of boots
 g - a +0 leather armour (worn)
Scrolls
 b - a scroll of vulnerability {unknown}
 c - a scroll of revelation {unknown}
 d - a scroll of identify {unknown}
Potions
 f - a potion of resistance {unknown}
 h - a potion of enlightenment {unknown}

Dungeon Overview and Level Annotations

Branches:
Dungeon (2/15)

Altars:
Uskayaw


Message History

You now have 122 gold pieces (gained 7). 2 gnolls come into view.
The gnoll shouts!
A gnoll comes into view. It is wielding a +0 club.
Enter note:
Enter note: You shoot a sling bullet.
The gnoll shouts! x2
The sling bullet hits the gnoll.
The gnoll is moderately wounded.
The gnoll throws a throwing net.
The throwing net hits you.
You become entangled in the net!
You struggle against the net.
You struggle against the net.
You struggle against the net.
You struggle against the net.
The gnoll hits you from afar with a +0 halberd!
You shred the net and break free!
The gnoll hits you from afar with a +0 halberd.
The gnoll closely misses you.
You shoot a sling bullet. The sling bullet hits the gnoll!
The gnoll is almost dead.
The gnoll hits you from afar with a +0 halberd.
The gnoll barely misses you.
You shoot a sling bullet. The sling bullet hits the gnoll.
You kill the gnoll!
You hear a shout!
The gnoll hits you but does no damage. The gnoll closely misses you.
Your Ranged Weapons skill increases to level 4!
You shoot a sling bullet. The sling bullet hits the gnoll.
The gnoll is moderately wounded.
A gnoll comes into view. It is wielding a +0 flail.
The gnoll misses you. The gnoll hits you with a +0 club.
You shoot a sling bullet. The sling bullet hits the gnoll.
The gnoll is severely wounded.
The gnoll closely misses you. The gnoll hits you with a +0 club!
You shoot a sling bullet. The sling bullet hits the gnoll.
You kill the gnoll!
The gnoll hits you from afar with a +0 halberd!
You die...

####.# #....## ###..##
####..##
#..P..#################..##
#..........................
#P...#.###.###############.
#...8#.# #.# ## #......#
#.# #####.## #.# #. #@# ...
#g# .. )g# P... P.P..
P.....# P.P.P... P.P...P..


You could see 2 gnolls.

Vanquished Creatures
  2 gnolls (D:2)
  An adder zombie (D:2)
  2 dart slugs (D:1)
  2 ball pythons (D:1)
  6 bats
  A bat skeleton (D:2)
  A bat zombie (D:2)
  An endoplasm (D:1)
  4 goblins
  3 jackals (D:1)
  4 kobolds
  A quokka (D:1)
  A ball python skeleton (D:2)
  2 frilled lizards
  2 rats (D:1)
33 creatures vanquished.

Notes
Turn   | Place    | Note
-------+----------+-------------------------------------------
     0 | D:1      | qw the Minotaur Hexslinger began the quest for the Orb.
     0 | D:1      | Reached XP level 1. HP: 16/16 MP: 1/1
     0 | D:1      | 0 ||| qw: Version: 0.3-a-52-g30416fa
     0 | D:1      | 0 ||| qw: Game counter: 5127
     0 | D:1      | 0 ||| qw: Melee chars always use a shield: true
     0 | D:1      | 0 ||| qw: God list: Okawaru
     0 | D:1      | 0 ||| qw: Allow faded altars: false
     0 | D:1      | 0 ||| qw: Do Orc after clearing Dungeon:15 true
     0 | D:1      | 0 ||| qw: Do second Lair branch before Depths: true
     0 | D:1      | 0 ||| qw: Lair rune preference: random
     0 | D:1      | 0 ||| qw: Goals: Normal
     0 | D:1      | 0 ||| PLANNING D:1-11
   135 | D:1      | Reached skill level 3 in Ranged Weapons
   144 | D:1      | Reached XP level 2. HP: 23/23 MP: 2/2
   419 | D:1      | Found a faded altar of an unknown god.
  1100 | D:1      | 1100 ||| UPGRADING to +0 leather armour.
  1110 | D:1      | 1110 ||| DROPPING +0 robe.
  1111 | D:1      | 1111 ||| READING scroll labelled NUATHR UKKAS.
  1112 | D:1      | 1112 ||| DRINKING 2 cyan potions.
  1113 | D:1      | 1113 ||| DRINKING 2 bubbling white potions.
  1114 | D:1      | 1114 ||| DRINKING potion of curing.
  1114 | D:1      | 1114 ||| (to cure confusion)
  1115 | D:1      | 1115 ||| DROPPING scroll of poison.
  1116 | D:1      | 1116 ||| DROPPING potion of ambrosia.
  1143 | D:2      | Found a hide-covered altar of Uskayaw.
  1213 | D:2      | Reached XP level 3. HP: 29/29 MP: 3/3
  1316 | D:2      | Reached skill level 4 in Ranged Weapons
  1317 | D:2      | HP: 2/29 [gnoll/+0 club (7)]
  1318 | D:2      | Mangled by a gnoll

Levels and vault maps discovered:
D:1:      shiori_angband_town, layout_basic,
          shapermc_ecumenical_altar_mp_ritualfount, serial_forest,
          infiniplex_forest_clump_curved, infiniplex_forest_straight_4,
          infiniplex_forest_end_3, infiniplex_forest_straight_1,
          infiniplex_forest_straight_1
D:2:      layout_basic, basic_altar, serial_shops,
          nicolae_shop_advertising_works [nicolae_subvault_shop_adworks],
          serial_undead, serial_undead_d, serial_undead_b, serial_undead_e,
          serial_undead_a, nicolae_grassy_gnolls

Skill      XL: |  1  2  3 |
---------------+----------+-----
Ranged Weapons | 3 4 |  4.1
Fighting       | 2 |  2.0
Dodging        | |  2.1
Spellcasting   | |  1.0
Hexes          | |  2.0

Action                     || total
---------------------------++-------
   Fire: Sling             ||    85
    Use: Potion            ||     3
         Scroll            ||     1
 Armour: Robe              ||     3
         Leather armour    ||     5
  Dodge: Dodged            ||    26

Table legend:
 A = Non-vault XP
 B = Vault XP
 C = Vault XP percentage of total XP
 D = Non-vault monster count
 E = Vault monster count
 F = Vault count percentage of total count
                 A         B        C        D         E       F
            +---------+---------+-------+---------+---------+-------
      Total |      50 |      38 |  43.2 |      27 |       6 |  18.2
            +---------+---------+-------+---------+---------+-------
        D:1 |      36 |       0 |   0.0 |      18 |       0 |   0.0
        D:2 |      14 |      38 |  73.1 |       9 |       6 |  40.0
            +---------+---------+-------+---------+---------+-------
